 Dungeon Crawl Stone Soup version 0.28.0-43-g3370ac3207 (webtiles) character file.

Game seed: 5211880517545711744

798 vvl the Stinger (level 7, -8/51 HPs)
             Began as a Demonspawn Venom Mage on Mar 11, 2022.
             Mangled by a wyvern (11 damage)
             ... on level 5 of the Dungeon.
             The game lasted 00:11:50 (6806 turns).

vvl the Stinger (Demonspawn Venom Mage)             Turns: 6806, Time: 00:11:51

Health: -8/51      AC:  3    Str:  9    XL:     7   Next: 58%
Magic:  6/11       EV: 15    Int: 18    God:
Gold:   90         SH:  8    Dex: 17    Spells: 11/12 levels left

rFire   + . .      SeeInvis .   h - +2 hand axe (vamp)
rCold   . . .      Faith    .   g - +0 kite shield
rNeg    . . .      Spirit   .   a - +0 robe
rPois   .          Reflect  .   e - +1 hat
rElec   .          Harm     .   (no cloak)
rCorr   .          Rampage  .   (no gloves)
Will    .....                   (no boots)
Stlth   ++++......              (no amulet)
HPRegen 0.17/turn               b - +4 ring of evasion
MPRegen 0.12/turn               l - ring of protection from fire

@: mighty
A: thin skeletal structure 2, powered by pain 1, spiny 1, demonic touch 2
a: no special abilities


You were on level 5 of the Dungeon.
You visited 1 branch of the dungeon, and saw 5 of its levels.

You collected 350 gold pieces.
You spent 260 gold pieces at shops.

Inventory:

Hand Weapons
 h - a +2 vampiric hand axe (weapon)
 r - a +2 dagger of venom
Armour
 a - a +0 robe (worn)
 e - a +1 hat (worn)
 g - a +0 kite shield (worn)
Jewellery
 b - a +4 ring of evasion (left hand)
 l - a ring of protection from fire (right hand)
Wands
 n - a wand of flame (10)
 t - a wand of polymorph (2)
Scrolls
 d - 3 scrolls of teleportation {unknown}
 k - 2 scrolls of enchant weapon
 o - 2 scrolls of fear
 p - a scroll of immolation
 y - 3 scrolls of magic mapping
 z - a scroll of silence
 A - a scroll of vulnerability
 B - a scroll of amnesia
 C - a scroll of blinking
Potions
 f - 4 potions of curing
 i - a potion of ambrosia {unknown}
 j - 2 potions of might {unknown}
 m - 3 potions of mutation {unknown}
 s - a potion of cancellation {unknown}
 u - a potion of flight {unknown}
 v - a potion of lignification {unknown}
 w - a potion of invisibility {unknown}
 x - a potion of heal wounds {unknown}


   Skills:
 + Level 2.5 Fighting
 + Level 2.0 Armour
 + Level 3.1 Dodging
 - Level 2.0 Stealth
 + Level 1.9 Shields
 + Level 3.2 Spellcasting
 + Level 0.4 Conjurations
 + Level 1.3 Necromancy
 + Level 2.5 Transmutations
 * Level 1.8 Air Magic
 + Level 4.9 Poison Magic


You had 11 spell levels left.
You knew the following spells:

 Your Spells              Type           Power      Damage    Failure   Level
a - Sting                 Tmut/Pois      64%        1d6       12%         1

Your spell library contained the following spells:

 Spells                   Type           Power      Damage    Failure   Level
 Poisonous Vapours        Pois/Air       30%        N/A       21%         2
 Shock                    Conj/Air       28%        1d4       32%         1
 Mephitic Cloud           Conj/Pois/Air  11%        N/A       52%         3
 Olgreb's Toxic Radiance  Pois           20%        N/A       56%         4
 Swiftness                Air            9%         N/A       58%         3
 Airstrike                Air            4%         N/A       94%         4


Dungeon Overview and Level Annotations

Branches:
Dungeon (5/15)
 Temple: D:4-7

Altars:
Okawaru
Vehumet

Shops:
D:5 ?


Innate Abilities, Weirdness & Mutations

You have a moderately thin skeletal structure. (Dex +4, Stealth++)
You sometimes gain a little power by taking damage.
You are partially covered in sharp spines.
Your touch may inflict irresistible damage on your foes.


Message History

The wyvern hisses angrily.
The wyvern bites you!
The sting misses the wyvern.
You block the wyvern's attack. The wyvern closely misses you.
The sting misses the wyvern.
The wyvern completely misses you.
The sting misses the wyvern.
The wyvern misses you. You block the wyvern's attack.
The sting misses the wyvern.
The wyvern is struck by your spines. The wyvern barely misses you.
The sting hits the wyvern.
The wyvern is poisoned.
The wyvern is moderately wounded.
The wyvern misses you. The wyvern bites you.
The sting hits the wyvern but does no damage.
The wyvern looks even sicker.
The wyvern is moderately wounded.
The wyvern bites you!!
* * * LOW HITPOINT WARNING * * *
You focus on the pain.
You feel very mighty all of a sudden.
You barely miss the wyvern.
The wyvern is moderately wounded.
The wyvern is struck by your spines. The wyvern closely misses you.
The wyvern barely misses you.
You barely miss the wyvern.
The wyvern is severely wounded.
The wyvern is struck by your spines. The wyvern barely misses you.
The wyvern bites you!
* * * LOW HITPOINT WARNING * * *
The wyvern closely misses you.
Unknown command.
You barely miss the wyvern.
The wyvern is severely wounded.
The wyvern closely misses you. You block the wyvern's attack.
Unknown command.
You barely miss the wyvern.
The wyvern is severely wounded.
The wyvern bites you.
* * * LOW HITPOINT WARNING * * *
The wyvern bites you!
You die...

###. ... ....#
...# #...# #..#
#....##..# .
#....#..#####..
#.............
#..l.......#
#...@....#
#...$...##
#.......##
#....##...#
#....# ##..##
.....# ##..##
..... #...#####
## ###..
##..##..####..
# #......#.....


You could see a wyvern (poisoned).

Vanquished Creatures
  A sky beast (D:5)
  An ogre (D:5)
  A necrophage (D:4)
  2 scorpions
  2 jellies (D:4)
  A hound (D:4)
  3 iguanas
  6 gnolls
  8 adders
  An adder skeleton (D:4)
  3 worms
  4 dart slugs
  5 orcs
  6 endoplasms
  4 giant cockroaches
  6 goblins
  6 hobgoblins
  A jackal (D:2)
  13 kobolds
  5 quokkas
  10 ball pythons
  8 bats
  3 frilled lizards
  8 rats
108 creatures vanquished.

Vanquished Creatures (others)
  3 fungi (D:1)
  A plant (D:1)
4 creatures vanquished.

Grand Total: 112 creatures vanquished

Notes
Turn   | Place    | Note
-------+----------+-------------------------------------------
     0 | D:1      | vvl the Demonspawn Venom Mage began the quest for the Orb.
     0 | D:1      | Reached XP level 1. HP: 13/13 MP: 3/3
    53 | D:1      | Reached skill level 1 in Transmutations
   365 | D:1      | Gained mutation: You sometimes gain a little power by
                  | taking damage. [demonic ancestry]
   365 | D:1      | Reached XP level 2. HP: 12/20 MP: 0/5
  1548 | D:1      | Gained mutation: You have a somewhat thin skeletal
                  | structure. (Dex +2, Stealth+) [demonic ancestry]
  1548 | D:1      | Reached XP level 3. HP: 16/25 MP: 1/6
  1784 | D:1      | Found a faded altar of an unknown god.
  2089 | D:2      | Reached skill level 1 in Fighting
  2105 | D:1      | Gained mutation: Your touch may inflict minor irresistible
                  | damage on your foes. [demonic ancestry]
  2105 | D:1      | Reached XP level 4. HP: 32/32 MP: 1/7
  3531 | D:3      | Gained mutation: You have a moderately thin skeletal
                  | structure. (Dex +4, Stealth++) [demonic ancestry]
  3531 | D:3      | Reached XP level 5. HP: 36/37 MP: 8/8
  3765 | D:3      | Found a radiant altar of Vehumet.
  3891 | D:3      | Reached skill level 4 in Poison Magic
  3989 | D:3      | Reached skill level 1 in Armour
  4408 | D:4      | Reached skill level 1 in Shields
  4654 | D:4      | Noticed a necrophage
  5069 | D:4      | Killed a necrophage
  5070 | D:4      | Gained mutation: You are partially covered in sharp spines.
                  | [demonic ancestry]
  5070 | D:4      | Reached XP level 6. HP: 24/44 MP: 10/10
  6150 | D:4      | Reached skill level 1 in Air Magic
  6352 | D:5      | Entered Level 5 of the Dungeon
  6352 | D:5      | Noticed a sky beast
  6367 | D:5      | Killed a sky beast
  6368 | D:5      | Reached skill level 1 in Necromancy
  6368 | D:5      | Gained mutation: Your touch may inflict irresistible damage
                  | on your foes. [demonic ancestry]
  6368 | D:5      | Reached XP level 7. HP: 39/51 MP: 8/11
  6586 | D:5      | Noticed a vampire
  6714 | D:5      | Found Rentuc's Magic Scroll Shop.
  6737 | D:5      | Bought a scroll of identify for 20 gold pieces
  6737 | D:5      | Bought a scroll of fear for 35 gold pieces
  6737 | D:5      | Bought a scroll of identify for 20 gold pieces
  6737 | D:5      | Bought a scroll of magic mapping for 35 gold pieces
  6737 | D:5      | Bought a scroll of identify for 20 gold pieces
  6737 | D:5      | Bought a scroll of amnesia for 35 gold pieces
  6737 | D:5      | Bought a scroll of identify for 20 gold pieces
  6737 | D:5      | Bought a scroll of blinking for 75 gold pieces
  6751 | D:5      | Found an iron altar of Okawaru.
  6792 | D:5      | Noticed a wyvern
  6806 | D:5      | Mangled by a wyvern

Illustrated notes

Levels and vault maps discovered:
D:1:      ebering_trefoil_3fold, layout_basic,
          shapermc_ecumenical_altar_acropolis
D:2:      kennysheep_six_static_rooms, layout_basic, minmay_heptomino_w4
D:3:      layout_basic, mainiacjoe_overflow_surrounded_room, st_stairs_12
D:4:      layout_basic
D:5:      layout_layer_cave, chequers_temple_overflow_statue_of_worship,
          led_sif_book, serial_shops, shop_coins, chequers_serial_rivers_room_b

Skill      XL: |  1  2  3  4  5  6  7 |
---------------+----------------------+-----
Transmutations | 1 2 |  2.5
Dodging        | 2 3 |  3.1
Stealth        | 2 |  2.0
Fighting       | 1 2 |  2.5
Poison Magic   | 4 |  4.9
Armour         | 1 2 |  2.0
Shields        | 1 |  1.9
Spellcasting   | 3 |  3.2
Air Magic      | 1 |  1.8
Necromancy     | 1 |  1.3
Conjurations   | |  0.4

Action                   |  1- 3 |  4- 6 |  7- 9 || total
-------------------------+-------+-------+-------++-------
Melee: Short sword       |    45 |       |       ||    45
       Hand axe          |    25 |   153 |    27 ||   205
       Dagger            |       |    60 |       ||    60
 Cast: Sting             |    52 |    18 |    15 ||    85
  Use: Scroll            |       |       |     6 ||     6
 Stab: Sleeping          |     1 |    17 |       ||    18
Armor: Robe              |    25 |    37 |       ||    62
Dodge: Dodged            |    78 |   152 |    28 ||   258
Block: Kite shield       |    13 |   115 |    13 ||   141
